 Dungeon Crawl Stone Soup version 0.32-a0-818-gb728d0252e (webtiles) character file.

Game seed: 12430572492195582936

135 MisterTik the Cudgeller (level 4, -4/41 HPs)
             Began as a Mountain Dwarf Monk on Mar 23, 2024.
             Slain by an iguana (11 damage)
             ... on level 3 of the Dungeon.
             The game lasted 00:04:01 (3029 turns).

MisterTik the Cudgeller (Mountain Dwarf Monk)       Turns: 3029, Time: 00:04:01

Health: -4/41      AC:  2    Str: 15    XL:     4   Next: 97%
Magic:  4/4        EV: 11    Int: 11    God:
Gold:   117        SH:  0    Dex: 12    Spells: 3/3 levels left

rFire   . . .        a - +0 mace
rCold   . . .        d - orb {light}
rNeg    . . .        b - +0 robe
rPois   .            (no helmet)
rElec   .            (no cloak)
rCorr   .            (no gloves)
SInv    .            (no boots)
Will    .....        (no amulet)
Stlth   +            (no ring)
HPRegen 0.26/turn    (no ring)
MPRegen 0.09/turn

%: no passive effects
@: glowing
A: runic magic, artefact enchanting
a: no special abilities


You were on level 3 of the Dungeon.
You visited 1 branch of the dungeon, and saw 3 of its levels.

You collected 117 gold pieces.

Inventory:

Hand Weapons
 a - a +0 mace (weapon)
Armour
 b - a +0 robe (worn)
 d - an orb of light (worn)
Scrolls
 c - 2 scrolls of enchant armour {unknown}
 f - 2 scrolls of identify {unknown}
 g - 3 scrolls of blinking {unknown}
 h - a scroll of fog {unknown}
 j - 2 scrolls of teleportation {unknown}
Potions
 e - a potion of attraction {unknown}
 i - a potion of curing {unknown}
 k - a potion of brilliance {unknown}


   Skills:
 + Level 4.3 Fighting
 + Level 5.4 Maces & Flails
 + Level 2.6 Dodging
 + Level 0.6 Stealth


You had 3 spell levels left.
You didn't know any spells.
Your spell library contained the following spells:

 Spells                   Type           Power      Damage    Failure   Level
 Summon Ice Beast         Ice/Summ       0%         N/A       71%         3
 Summon Mana Viper        Hex/Summ       0%         N/A       100%        5
 Monstrous Menagerie      Summ           0%         N/A       100%        7


Dungeon Overview and Level Annotations

Branches:
Dungeon (3/15)

Altars:

Annotations:
D:2 1 runed translucent door, Crazy Yiuf


Innate Abilities, Weirdness & Mutations

Your spellcasting is much less encumbered by armour.
You can use scrolls of enchantment on lesser artefacts.


Message History

The orc is heavily wounded.
The orc closely misses you.
You hit the orc.
The orc is almost dead.
The orc hits you with a +0 short sword.
You hit the orc but do no damage.
The orc is almost dead.
The orc closely misses you.
You hit the orc.
You kill the orc!
You start resting.
HP restored.
An iguana comes into view.
The iguana hisses angrily.
An iguana is nearby!
An iguana is nearby!
An iguana is nearby!
You hit the iguana.
The iguana is lightly wounded.
The iguana barely misses you.
You barely miss the iguana.
The iguana is lightly wounded.
The iguana bites you!
You hit the iguana but do no damage.
The iguana is lightly wounded.
The iguana bites you! x2
* * * LOW HITPOINT WARNING * * *
You hit the iguana.
The iguana is lightly wounded.
The iguana completely misses you.
You hit the iguana.
The iguana is moderately wounded.
The iguana closely misses you.
You hit the iguana.
The iguana is moderately wounded.
The iguana bites you!
* * * LOW HITPOINT WARNING * * *
The iguana attacks as it pursues you! The iguana closely misses you.
The iguana attacks as it pursues you! The iguana bites you!
You die...

#.# #.##.##.##.#.# #.#
#.....†)...#.# #.#
#.##.##.####.# #.# #.##.##.#
#.# ######.# #.......# #..
#......# ##...#### ###
#.###### #.############ #.#
#.#........... #.#
#@#.########## #.# #.#
#l#....# #.###.# #......#
#.#...############....#
#.#.###............#.#######
#.#.#
#.########...........##
#.#.# #.# #).............
#.#.# #.# #..##.......##.
#.#.###.########..##.......#


You could see an iguana.

Vanquished Creatures
  An orc wizard (D:3)
  Robin (D:2)
  3 adders (D:2)
  2 dart slugs (D:1)
  4 orcs (D:3)
  5 endoplasms
  12 goblins
  9 hobgoblins
  4 kobolds (D:1)
  4 quokkas
  3 ball pythons
  5 bats
  3 frilled lizards
  6 rats
62 creatures vanquished.

Notes
Turn   | Place    | Note
-------+----------+-------------------------------------------
     0 | D:1      | MisterTik the Mountain Dwarf Monk began the quest for the
                  | Orb.
     0 | D:1      | Reached XP level 1. HP: 19/19 MP: 1/1
   212 | D:1      | Reached XP level 2. HP: 26/26 MP: 2/2
   267 | D:1      | Reached skill level 4 in Maces & Flails
   386 | D:1      | Found a faded altar of an unknown god.
  1133 | D:2      | Reached XP level 3. HP: 32/33 MP: 3/3
  1432 | D:2      | Noticed Robin
  1627 | D:2      | Killed Robin
  1628 | D:2      | Reached XP level 4. HP: 26/40 MP: 4/4
  1802 | D:2      | Reached skill level 5 in Maces & Flails
  2277 | D:2      | Found a runed translucent door.
  2278 | D:2      | Noticed Crazy Yiuf
  3029 | D:3      | Slain by an iguana

Illustrated notes

Levels and vault maps discovered:
D:1:      minmay_arrival_split_and_join, layout_basic,
          ebering_ecumenical_altar_sacrificial
D:2:      layout_basic, chequers_serial_rivers_micro_e, roderic_lattice_a,
          uniq_robin, uniq_crazy_yiuf_cottage
D:3:      layout_loops_ring

Skill      XL: |  1  2  3  4 |
---------------+-------------+-----
Maces & Flails | 4 5 |  5.4
Fighting       | 4 |  4.3
Dodging        | |  2.6
Stealth        | |  0.6

Action                     |  1- 3 |  4- 6 || total
---------------------------+-------+-------++-------
  Melee: Mace              |   108 |    56 ||   164
    Use: Potion            |     1 |       ||     1
 Armour: Robe              |    75 |    36 ||   111
  Dodge: Dodged            |    57 |    34 ||    91

Table legend: (Time is in decaauts)
 A = Elapsed time spent in this place.
 B = Non-inter-level travel time spent in this place.
 C = Inter-level travel time spent in this place.
 D = Time resting spent in this place.
 E = Time spent auto-exploring this place.
 F = Levels seen in this place.
 G = Mean time per level.
                   A        B        C        D        E       F      G
               +--------+--------+--------+--------+--------+-----+--------+
         Total |   3059 |   3012 |     47 |    758 |   1759 |   3 | 1019.7 |
       Dungeon |   3059 |   3012 |     47 |    758 |   1759 |   3 | 1019.7 |
               +--------+--------+--------+--------+--------+-----+--------+

Top non-repeatable levels by time:
     D:2: 1602 daAuts
     D:1: 1052 daAuts
     D:3: 404 daAuts
